Map: 2000 Atmospheres LE

Players

Rex - Winner!

  • Race: Zerg Zerg

ExpecT

  • Race: Terran Terran

Event: DreamHack SC2 Masters 2021 Fall

VOD

Have the link to the VOD?

Description

Time

  • Played on: July 29, 2021, 8:49 a.m.
  • Length: 17:13

All games in this series

Show
View Real Time Build Order
Export as new Build Order

Rex Zerg - Winner!

Build Orders: Hatch First, Muta Ling Bane 

Get SALT Encoding   

  12  0:00  Drone  
  13  0:12  Overlord  
  13  0:17  Drone  
  14  0:30  Drone x2  
  16  0:48  Hatchery  
  15  0:52  Drone  
  15  0:55  Drone  
  17  0:58  Drone  
  18  1:09  Extractor  
  17  1:13  Spawning Pool  
  17  1:18  Drone  
  17  1:19  Drone  
  18  1:28  Drone  
  19  1:38  Drone  
  20  1:49  Drone  
  21  2:00  Queen x2  
  26  2:01  Zergling x4  
  27  2:11  Overlord  
  27  2:12  Drone  
  28  2:21  Hatchery  
  27  2:24  Drone  
  29  2:30  Drone  
  29  2:35  Drone  
  29  2:36  Queen  
  32  2:42  Drone  
  32  2:43  Overlord  
  33  2:48  Metabolic Boost  
  33  2:52  Drone  
  33  2:54  Drone  
  33  2:56  Drone  
  36  3:07  Drone x2  
  36  3:10  Drone x2  
  36  3:11  Overlord  
  40  3:15  Queen  
  40  3:19  Drone  
  44  3:20  Drone  
  44  3:33  Drone x3  
  47  3:38  Queen  
  47  3:39  Queen  
  51  3:42  Drone x2  
  51  3:46  Overlord  
  51  3:47  Drone x3  
  56  3:49  Drone  
  56  3:54  Zergling x2  
  56  3:55  Overlord  
  58  3:58  Overlord  
  58  4:00  Overlord  
  58  4:05  Zergling x4  
  58  4:08  Drone x2  
  62  4:14  Drone  
  62  4:16  Spore Crawler  
  62  4:19  Lair  
  62  4:20  Spore Crawler  
  62  4:21  Spore Crawler, Drone  
  62  4:22  Extractor  
  62  4:23  Drone x2  
  62  4:25  Drone  
  62  4:26  Drone  
  62  4:28  Drone  
  65  4:32  Baneling Nest  
  65  4:34  Drone x3  
  67  4:41  Zergling x6  
  67  4:44  Queen  
  71  4:55  Drone  
  71  4:58  Drone x5  
  77  5:03  Overlord  
  77  5:04  Drone x3  
  77  5:05  Drone x2  
  82  5:13  Extractor, Overlord x2  
  82  5:14  Extractor x3  
  78  5:23  Drone x6  
  78  5:24  Queen  
  78  5:27  Drone  
  87  5:31  Drone  
  87  5:33  Spire  
  87  5:34  Drone x3  
  90  5:43  Drone x2  
  90  5:48  Zergling x10  
  97  5:55  Drone, Centrifical Hooks  
  98  6:00  Hatchery  
  97  6:10  Zergling x14, Hatchery  
  103  6:15  Overlord  
  103  6:16  Overlord  
  103  6:19  Zergling x6  
  103  6:22  Baneling x7  
  106  6:27  Overlord x2  
  106  6:35  Zergling x16  
  106  6:37  Overlord  
  106  7:01  Mutalisk x9  
  104  7:06  Drone x4  
  126  7:12  Zergling x4  
  126  7:15  Drone  
  129  7:22  Zergling x8  
  129  7:31  Drone x2  
  129  7:34  Drone x2  
  129  7:35  Drone x2  
  135  7:37  Drone x3  
  135  7:39  Drone x4  
  142  7:45  Drone  
  142  7:47  Zerg Flyer Weapons Level 1  
  142  7:49  Evolution Chamber  
  142  7:52  Evolution Chamber  
  142  7:54  Mutalisk x4  
  142  7:57  Overlord  
  146  8:00  Drone x3  
  146  8:01  Drone  
  136  8:09  Zergling x2  
  136  8:10  Zergling x14  
  137  8:16  Zergling x8  
  137  8:17  Baneling x8  
  137  8:19  Zergling x4  
  143  8:23  Zerg Ground Armor Level 1  
  137  8:27  Zergling x2  
  137  8:28  Zergling x8  
  141  8:40  Zergling x18  
  149  8:50  Zergling x16  
  136  9:05  Zergling x24  
  131  9:12  Baneling x4  
  131  9:13  Baneling x3  
  131  9:17  Mutalisk x4  
  131  9:22  Zergling x6  
  142  9:24  Baneling x2  
  142  9:26  Baneling x4  
  142  9:27  Drone  
  143  9:35  Zerg Melee Weapons Level 1  
  143  9:37  Overseer  
  143  9:38  Pneumatized Carapace  
  143  9:48  Mutalisk x3  
  149  9:53  Baneling x7  
  149  9:56  Drone  
  149  9:57  Drone x5, Hatchery  
  149  9:59  Drone  
  155  10:00  Drone  
  155  10:01  Drone  
  155  10:06  Overlord  
  155  10:07  Overlord x2  
  157  10:09  Overlord  
  157  10:14  Overlord x2  
  157  10:25  Hatchery  
  157  10:26  Mutalisk x3  
  162  10:45  Zerg Ground Armor Level 2  
  162  10:46  Zerg Flyer Weapons Level 2  
  162  10:54  Zergling x36  
  180  11:00  Hatchery  
  180  11:03  Zergling x20  
  186  11:07  Drone  
  186  11:09  Infestation Pit  
  186  11:11  Extractor  
  186  11:16  Zergling x18  
  192  11:26  Baneling x7  
  192  11:29  Drone  
  192  11:30  Drone x6  
  199  11:33  Spore Crawler  
  199  11:37  Spore Crawler, Zerg Melee Weapons Level 2  
  199  11:39  Zergling x6  
  200  11:41  Baneling x7  
  200  11:44  Baneling  
  200  11:45  Baneling x6  
  187  12:06  Hive  
  186  12:14  Mutalisk x6  
  198  12:23  Zergling x2  
  198  12:26  Baneling x35  
  199  12:34  Zergling x4  
  194  12:40  Zergling x28  
  196  12:45  Zergling x2  
  196  12:46  Zergling x12  
  199  13:10  Baneling x10  
  187  13:22  Zergling x40  
  177  13:28  Zergling x28  
  177  13:33  Baneling  
  177  13:34  Baneling x3  
  188  13:35  Zergling x18  
  188  13:39  Zergling x6  
  197  13:45  Zergling x2  
  197  13:46  Zergling x2  
  178  13:58  Viper, Mutalisk  
  164  14:06  Zergling x24  
  176  14:11  Adrenal Glands  
  176  14:15  Ultralisk Cavern  
  174  14:18  Drone x9  
  174  14:19  Hatchery  
  182  14:26  Zerg Ground Armor Level 3  
  182  14:32  Zergling x14  
  182  14:34  Baneling x4  
  181  14:48  Zergling x22  
  168  14:59  Zergling x18  
  149  15:08  Baneling x11  
  149  15:09  Baneling  
  146  15:21  Zergling x12  
  146  15:28  Ultralisk  
  156  15:33  Zergling x14  
  163  15:39  Ultralisk  
  163  15:41  Zergling x4  
  163  15:42  Baneling x2  
  168  15:50  Zergling x16  
  168  15:53  Baneling x4  
  174  16:01  Ultralisk  
  174  16:17  Zergling x32  
  171  16:34  Zergling x2  
  171  16:36  Zergling x4  
  163  16:40  Zergling x8  
  163  16:41  Zergling x6, Hatchery  
  169  16:48  Baneling x16  
  169  16:56  Zergling x2  
Show
View Real Time Build Order
Export as new Build Order

ExpecT Terran 

Build Orders: Liberator Opening, Reaper Expand 

Get SALT Encoding   

  12  0:00  SCV  
  13  0:12  SCV  
  14  0:17  Supply Depot  
  14  0:24  SCV  
  15  0:38  SCV  
  15  0:40  Barracks  
  16  0:44  Refinery  
  16  0:50  SCV  
  17  1:02  SCV  
  18  1:15  SCV  
  19  1:27  Reaper  
  19  1:28  Orbital Command  
  20  1:39  Command Center  
  20  1:50  Supply Depot  
  20  1:54  SCV  
  21  1:59  Marine  
  22  2:05  Factory  
  22  2:06  SCV  
  23  2:12  Refinery  
  23  2:18  SCV  
  23  2:21  Barracks Reactor  
  24  2:30  SCV  
  25  2:42  SCV  
  26  2:52  Starport  
  26  2:53  Orbital Command  
  26  2:54  SCV  
  27  3:01  Hellion x2  
  31  3:06  SCV  
  31  3:07  Barracks Tech Lab  
  32  3:18  SCV  
  32  3:19  SCV  
  34  3:29  Hellion x2  
  34  3:30  Supply Depot, Liberator, SCV  
  43  3:34  SCV  
  43  3:39  Stimpack  
  43  3:43  SCV  
  43  3:46  SCV  
  45  3:52  Supply Depot, Hellion x2  
  45  3:55  SCV  
  50  3:58  SCV  
  51  4:07  SCV  
  52  4:11  Marine  
  52  4:12  Command Center  
  52  4:15  SCV  
  54  4:19  SCV  
  54  4:23  Barracks  
  55  4:25  Barracks  
  55  4:26  Starport Reactor  
  55  4:27  SCV, Factory Reactor  
  55  4:29  Marine  
  55  4:31  SCV  
  58  4:40  SCV  
  58  4:43  SCV  
  60  4:48  Engineering Bay  
  60  4:49  Engineering Bay  
  60  4:52  SCV  
  61  4:54  Marine  
  61  4:58  SCV  
  61  5:02  Refinery x2  
  61  5:04  SCV  
  62  5:07  Supply Depot  
  62  5:11  SCV  
  62  5:12  Marine  
  64  5:14  Factory Tech Lab  
  64  5:16  SCV  
  64  5:19  Terran Infantry Armor Level 1, Terran Infantry Weapons Level 1  
  64  5:20  Marine x4, Combat Shield  
  69  5:23  SCV  
  69  5:28  SCV, Orbital Command  
  71  5:30  Marine  
  71  5:34  Supply Depot  
  72  5:37  Marine  
  72  5:39  Medivac x2  
  78  5:42  SCV  
  78  5:43  SCV  
  78  5:46  Marine x3  
  80  5:52  Siege Tank  
  80  5:53  Orbital Command  
  80  5:57  SCV x2  
  85  5:59  Marine x2  
  85  6:04  Marine  
  88  6:09  Marine  
  88  6:10  SCV x2  
  91  6:12  Barracks  
  91  6:13  Barracks  
  91  6:19  Marine x3  
  91  6:21  Marine  
  91  6:22  SCV  
  91  6:24  Siege Tank  
  99  6:26  SCV  
  99  6:27  SCV  
  101  6:33  Supply Depot  
  101  6:34  Supply Depot  
  101  6:37  Marine x2  
  101  6:38  Marine x2, SCV  
  106  6:40  SCV  
  106  6:44  Marine  
  108  6:55  Marine x2  
  108  6:58  Marine x2  
  108  7:00  Barracks Reactor  
  108  7:01  Barracks Reactor, Siege Tank  
  103  7:03  SCV x2  
  103  7:04  SCV  
  103  7:05  Marine, Medivac x2  
  114  7:10  Armory  
  114  7:11  Supply Depot  
  114  7:13  Marine x2  
  116  7:16  SCV  
  116  7:19  Supply Depot  
  116  7:21  Marine x2  
  119  7:23  Marine  
  120  7:31  Marine  
  120  7:32  Marine  
  120  7:35  Medivac  
  122  7:39  Marine x2, SCV x2, Siege Tank  
  122  7:40  Medivac  
  122  7:41  Marine  
  122  7:42  Marine x2, Command Center  
  131  7:45  Marine x2  
  131  7:49  Marine x2  
  131  7:50  Supply Depot  
  135  7:54  Missile Turret  
  135  7:55  SCV x3  
  135  7:57  Marine  
  139  8:00  Marine x2  
  139  8:05  Marine x2  
  141  8:06  Marine  
  141  8:10  Marine x3  
  141  8:12  Siege Tank  
  134  8:16  Marine  
  134  8:17  Marine  
  134  8:18  Marine  
  137  8:23  Marine x2  
  137  8:24  Marine  
  137  8:25  Medivac  
  137  8:26  Medivac  
  144  8:28  Marine x3  
  144  8:34  Marine  
  146  8:35  Marine  
  146  8:36  Marine  
  146  8:40  Marine x2  
  147  8:42  Marine  
  147  8:45  Marine  
  149  8:48  Missile Turret  
  149  8:53  Terran Infantry Weapons Level 2  
  149  8:55  Supply Depot  
  149  8:56  Supply Depot  
  149  8:57  Marine  
  149  8:58  Marine x2  
  149  8:59  Siege Tank  
  141  9:04  Marine x2  
  141  9:08  Marine  
  141  9:09  Marine x3  
  114  9:15  Marine  
  114  9:16  Marine x2  
  115  9:19  Terran Infantry Armor Level 2  
  115  9:22  Marine x2, Factory  
  117  9:26  Marine  
  117  9:29  Marine x3  
  124  9:35  Refinery, Marine x2  
  124  9:36  Marine  
  127  9:40  Marine  
  127  9:45  Drilling Claws  
  127  9:47  Thor  
  127  9:52  Marine x4, Marauder  
  134  9:53  Marine x2  
  138  10:02  Marine x2  
  138  10:06  Sensor Tower  
  140  10:07  Factory Reactor  
  140  10:08  Missile Turret  
  140  10:10  Marine x4  
  140  10:11  SCV x3  
  147  10:17  Missile Turret  
  147  10:18  Missile Turret  
  147  10:20  Medivac  
  147  10:21  Medivac  
  151  10:22  Marine x4, Marauder  
  151  10:27  Planetary Fortress  
  157  10:31  Thor  
  157  10:32  Marine x2  
  165  10:38  Sensor Tower  
  165  10:43  Marauder  
  165  10:45  Marine x3  
  165  10:46  Marine x3  
  173  10:54  Barracks  
  173  10:56  Barracks  
  175  10:57  Widow Mine x2, Barracks  
  175  11:01  Marine x2  
  175  11:02  Marine  
  175  11:04  Medivac x2  
  164  11:05  Marauder  
  166  11:14  Marine x4  
  170  11:26  Thor, Widow Mine x2, Marauder  
  170  11:28  Marine x4  
  170  11:31  Marine  
  187  11:34  Medivac x2  
  187  11:35  Orbital Command  
  191  11:41  Marine x4  
  191  11:45  Marine  
  196  11:54  Marauder  
  196  12:06  Barracks Tech Lab x3  
  196  12:10  Widow Mine x2  
  196  12:13  Sensor Tower  
  200  12:17  Orbital Command  
  200  12:19  Marine x2  
  200  12:20  Marauder  
  197  12:29  Widow Mine  
  195  12:40  Marine x3, Marauder  
  195  12:42  Widow Mine x2  
  195  12:43  Marine  
  195  12:44  Marine, Marauder x2  
  196  12:48  Marine  
  196  12:49  Marauder  
  198  12:55  Terran Infantry Weapons Level 3  
  198  12:56  Marine, Sensor Tower, Missile Turret  
  198  12:57  Missile Turret  
  196  13:20  Marine  
  196  13:21  Marine x2, SCV x2, Marauder x2  
  196  13:25  Marine x3, Marauder  
  196  13:26  Thor, Widow Mine  
  196  13:27  Widow Mine  
  164  13:28  Marine x2  
  164  13:29  Marauder  
  157  13:38  Marine  
  157  13:39  Marine x2  
  160  13:42  Marine, Marauder x2  
  160  13:43  Marine x2  
  160  13:47  Marauder  
  166  13:49  Marine x2  
  166  13:50  Marauder  
  162  13:56  Marine x2  
  162  13:59  Marine  
  162  14:00  Marine  
  162  14:01  Marine  
  127  14:04  Medivac, Marauder x2  
  127  14:05  Widow Mine  
  127  14:06  Widow Mine  
  127  14:07  SCV x2  
  127  14:08  SCV, Marauder  
  127  14:09  SCV, Widow Mine  
  132  14:12  Marauder  
  134  14:18  Marine  
  134  14:19  Marine x2, SCV  
  134  14:24  Medivac  
  140  14:25  Marine x3, Marauder  
  140  14:27  Marine  
  140  14:28  Marine  
  147  14:32  Widow Mine x2  
  147  14:37  Marine x2, Widow Mine  
  153  14:40  Marine x2, Marauder  
  157  14:48  Marine x2  
  157  14:49  Marauder  
  157  14:52  Marine x2, Marauder  
  155  14:59  Marine  
  128  15:00  Marauder  
  128  15:02  Marauder  
  114  15:11  Marine x4  
  114  15:12  Marauder  
  114  15:14  Marauder  
  114  15:20  Orbital Command  
  114  15:21  Widow Mine x2  
  118  15:23  Marine x2  
  120  15:29  Marine x2  
  118  15:38  Marine, Marauder  
  118  15:41  Marine x2  
  123  15:43  Marine  
  123  15:45  Marine  
  123  15:48  Marine x2  
  115  15:55  Marine x2  
  112  15:57  Marine x2  
  112  16:00  Marine  
  112  16:04  Marine x2  
  107  16:05  Orbital Command  
  107  16:14  Marine x3  
  107  16:15  Marauder  
  68  16:37  Widow Mine  
  39  16:49  Marine  

Tags
 
Add a new tag
Caveats
  • Supply blocks, unpowered buildings, or Contaminate may cause inaccurate times.
  • Supply counts are checked every 10 seconds.